 Dungeon Crawl Stone Soup version 0.31-a0-1424-g2add1c7226 (webtiles) character file.

Game seed: 2214059948828965829

1 Sonofthefire the Shield-Bearer (level 1, 0/20 HPs)
             Began as a Djinni Fighter on Dec 26, 2023.
             Slain by a frilled lizard (3 damage)
             ... on level 1 of the Dungeon.
             The game lasted 00:00:22 (155 turns).

Sonofthefire the Shield-Bearer (Djinni Fighter)      Turns: 155, Time: 00:00:22

Health: 0/20       AC:  6    Str: 15    XL:     1   Next: 22%
Gold:   14         EV:  8    Int:  9    God:
                   SH:  4    Dex: 12

rFire   + + .        a - +0 rapier
rCold   x . .        c - +0 buckler
rNeg    . . .        b - +0 scale mail
rPois   ∞            (no helmet)
rElec   .            (no cloak)
rCorr   .            (no gloves)
SInv    .            (boots unavailable)
Will    .....        (no amulet) Stlth
                     (no ring)
HPRegen 0.23/turn    (no ring)
MPRegen 0.00/turn

%: infuse magic (-1 HP)
@: flying
A: sickness immunity, fire resistance 2, cold vulnerability 1, float, innate
caster, HP casting, extra vitality 1
a: no special abilities


You were on level 1 of the Dungeon.
You visited 1 branch of the dungeon, and saw 1 of its levels.

You collected 14 gold pieces.

Inventory:

Hand Weapons
 a - a +0 rapier (weapon)
Armour
 b - a +0 scale mail (worn)
 c - a +0 buckler (worn)
Potions
 d - a potion of might


   Skills:
 + Level 3.0 Fighting
 + Level 1.8 Short Blades
 + Level 3.0 Armour
 + Level 3.0 Shields You didn't know any spells. Your spell library was empty.

Dungeon Overview and Level Annotations

Branches:
Dungeon (1/15)

Altars:


Innate Abilities, Weirdness & Mutations

You are immune to sickness and miasma.
You are immune to poison.
Your flesh is very heat resistant. (rF++)
You are vulnerable to cold. (rC-)
You float through the air rather than walking.
You learn spells naturally, not from books.
Your magical power is your life essence.
You have superior vitality. (+4 MHP)


Message History

The frilled lizard bites you but does no damage.
The frilled lizard bites you but does no damage.
You block the frilled lizard's attack.
The frilled lizard bites you but does no damage.
The frilled lizard bites you. The frilled lizard barely misses you.
The frilled lizard bites you but does no damage.
The frilled lizard bites you but does no damage.
The frilled lizard bites you.
* * * LOW HITPOINT WARNING * * *
The frilled lizard bites you but does no damage.
The frilled lizard bites you but does no damage.
The frilled lizard bites you but does no damage.
The frilled lizard closely misses you. The frilled lizard bites you.
* * * LOW HITPOINT WARNING * * *
The frilled lizard bites you.
* * * LOW HITPOINT WARNING * * *
The frilled lizard bites you but does no damage.
The frilled lizard bites you but does no damage.
The frilled lizard bites you but does no damage.
You block the frilled lizard's attack. You block the frilled lizard's attack.
The frilled lizard bites you but does no damage.
The frilled lizard bites you.
* * * LOW HITPOINT WARNING * * *
The frilled lizard bites you.
* * * LOW HITPOINT WARNING * * *
The frilled lizard bites you but does no damage.
The frilled lizard barely misses you. The frilled lizard bites you.
* * * LOW HITPOINT WARNING * * *
The frilled lizard barely misses you. You block the frilled lizard's attack.
The frilled lizard bites you.
* * * LOW HITPOINT WARNING * * *
You block the frilled lizard's attack.
The frilled lizard bites you but does no damage.
The frilled lizard bites you.
You die...

# . .####
.... #..#
#..# #..#
#.@#
#.l######
#.......#
##.####.#
#.# #.# ..#
#.####.# #.#
#.##...# #.#
#.##.#####.#
#.#
#...........


You could see a frilled lizard.

Vanquished Creatures
  An endoplasm (D:1)
1 creature vanquished.

Notes
Turn   | Place    | Note
-------+----------+-------------------------------------------
     0 | D:1      | Sonofthefire the Djinni Fighter began the quest for the
                  | Orb.
     0 | D:1      | Reached XP level 1. HP: 20/20 MP: 0/0
   155 | D:1      | Slain by a frilled lizard

Illustrated notes

Levels and vault maps discovered:
D:1:      ldierk_walled_garden_2, layout_loops_ring, serial_rivers,
          chequers_serial_rivers_small_a, chequers_serial_rivers_small_a,
          chequers_serial_rivers_marsh, chequers_serial_rivers_small_b,
          minmay_cut_off

Action                     || total
---------------------------++-------
  Melee: Rapier            ||     4
 Armour: Scale mail        ||    61
  Dodge: Dodged            ||    29
  Block: Buckler           ||    21

Table legend: (Time is in decaauts)
 A = Elapsed time spent in this place.
 B = Non-inter-level travel time spent in this place.
 C = Inter-level travel time spent in this place.
 D = Time resting spent in this place.
 E = Time spent auto-exploring this place.
 F = Levels seen in this place.
 G = Mean time per level.
                   A        B        C        D        E       F      G
               +--------+--------+--------+--------+--------+-----+--------+
         Total |    155 |    155 |      0 |      0 |     27 |   1 |  155.0 |
       Dungeon |    155 |    155 |      0 |      0 |     27 |   1 |  155.0 |
               +--------+--------+--------+--------+--------+-----+--------+

Top non-repeatable levels by time:
     D:1: 155 daAuts
